 Dungeon Crawl Stone Soup version 0.31.0-4-g52a2dc7128 (webtiles) character file.

Game seed: 10894107107299001216

1327 BeingJoeMalik the Magician (level 8, -13/52 HPs)
             Began as a Mummy Hedge Wizard on Jan 22, 2024.
             Was a Follower of Makhleb.
             Mangled by an orc warrior
             ... wielding a +0 war axe
              (16 damage)
             ... in a bailey.
             The game lasted 00:37:09 (9341 turns).

BeingJoeMalik the Magician (Mummy Hedge Wizard)     Turns: 9341, Time: 00:37:09

Health: -13/52     AC:  4    Str: 19    XL:     8   Next: 34%
Magic:  4/26       EV: 12    Int: 15    God:    Makhleb [*.....]
Gold:   280        SH:  0    Dex: 14    Spells: 5/19 levels left

rFire   x . .        y - +7 hand axe of Hahunec {pain, rElec rC+ MP+9 Dex+2}
rCold   + + .        (no shield)
rNeg    + + +        b - +0 robe
rPois   ∞            c - +1 hat
rElec   +            d - scarf {+Inv}
rCorr   .            (no gloves)
SInv    .            r - +0 pair of boots
Will    +....        (no amulet)
Stlth   ++           o - +6 ring of strength
HPRegen 0.28/turn    (no ring)
MPRegen 0.20/turn

%: faith
@: inugami summoned
A: cold resistance 1, negative energy resistance 3, torment resistance 2, heat
vulnerability 1, in touch with death 1, no potions, faith
a: Renounce Religion, Evoke Invisibility


You were in a bailey.
You worshipped Makhleb.
Makhleb was aware of your devotion.
You visited 2 branches of the dungeon, and saw 8 of its levels.
You also visited: Bailey.

You collected 280 gold pieces.

Inventory:

Hand Weapons
 a - a +1 dagger of protection
 y - the +7 hand axe of Hahunec (weapon) {pain, rElec rC+ MP+9 Dex+2}
   (You found it on level 7 of the Dungeon)

   Dex+2:     It affects your dexterity (+2).
   rC+:       It protects you from cold.
   rElec:     It insulates you from electricity.
   MP+9:      It affects your magic capacity (+9).
Missiles
 f - 8 poisoned darts (quivered)
 w - a curare-tipped dart
Armour
 b - a +0 robe (worn)
 c - a +1 hat (worn)
 d - a scarf of invisibility (worn)
 p - a +0 helmet
 r - a +0 pair of boots (worn)
Jewellery
 o - a +6 ring of strength (left hand)
Wands
 h - a wand of roots (13)
 m - a wand of digging (7)
 q - a wand of mindburst (13)
 u - a wand of acid (10)
Scrolls
 e - 2 scrolls of identify
 g - 3 scrolls of amnesia
 i - 2 scrolls of enchant weapon
 k - 3 scrolls of blinking
 l - 3 scrolls of revelation
 n - a scroll of noise
 s - a scroll of silence
 t - a scroll of vulnerability
 v - a scroll of enchant armour
 x - a scroll of immolation


   Skills:
 - Level 1.5 Dodging
 - Level 1.5 Stealth
 + Level 6.2 Spellcasting
 + Level 5.5 Conjurations
 * Level 4.5 Summonings
 * Level 3.1 Necromancy
 - Level 0.7 Translocations


You had 5 spell levels left.
You knew the following spells:

 Your Spells              Type           Power      Damage    Failure   Level
a - Magic Dart            Conj           84%        1d7       1%          1
b - Call Imp              Summ           36%        N/A       3%          2
c - Mephitic Cloud        Conj/Alch/Air  10%        N/A       21%         3
d - Vampiric Draining     Necr           21%        2d7       12%         3
e - Summon Small Mammal   Summ           72%        N/A       2%          1
f - Call Canine Familiar  Summ           18%        N/A       7%          3
g - Necrotise             Necr           84%        1d8       4%          1

Your spell library contained the following spells:

 Spells                   Type           Power      Damage    Failure   Level
 Sting                    Conj/Alch      52%        1d6       4%          1
 Apportation              Tloc           12%        N/A       11%         1
 Slow                     Hex            16%        N/A       14%         1
 Cigotuvi's Dreadful Rot  Necr/Alch/Air  22%        N/A       14%         2
 Blink                    Tloc           12%        N/A       16%         2
 Confusing Touch          Hex            4%         N/A       41%         3
 Sigil of Binding         Hex            4%         N/A       41%         3
 Summon Blazeheart Golem  Fire/Summ      11%        N/A       50%         4
 Irradiate                Conj/Alch      6%         3d13      77%         5
 Petrify                  Alch/Erth      4%         N/A       82%         4
 Sublimation of Blood     Necr           Unusable   N/A       N/A         2

Dungeon Overview and Level Annotations

Branches:
Dungeon (7/15)             Temple (1/1) D:5          Bailey (1/1)

Altars:
Ashenzari
Cheibriados
Dithmenos
Fedhas
Gozag
Hepliaklqana
Kikubaaqudgha
Makhleb
Nemelex Xobeh
Okawaru
Qazlal
Sif Muna
Vehumet
Wu Jian
Xom
Yredelemnul

Annotations:
D:6 Maggie, Prince Ribbit


Innate Abilities, Weirdness & Mutations

You are immune to poison.
Your flesh is cold resistant. (rC+)
You are immune to negative energy. (rN+++)
You are immune to unholy pain and torment.
You are vulnerable to heat. (rF-)
You are in touch with the powers of death.
You do not drink.
You have a special connection with the divine. (Faith)


Message History

The hobgoblin closely misses you.
The hobgoblin hits your cerulean imp with a +0 war axe.
There is a gate leading back out of this place here.
Unknown command.
Unknown command.
The orc warrior hits your cerulean imp with a +0 war axe.
Your cerulean imp dies!
Your cerulean imp disappears in a puff of smoke!
A hobgoblin comes into view. It is wielding a +0 hand axe.
The goblin misses you.
Blink to where?
Press: ? - help, Dir - move target An orc warrior comes into view.
It is wielding a +0 war axe.
As you read the scroll of blinking, it crumbles to dust.
A goblin comes into view. It is wielding a +0 hand axe.
The orc warrior shouts!
The goblin hits you with a +0 hand axe. The goblin hits you with a +0 hand axe.
An orc comes into view. It is wielding a +0 hand axe.
The orc warrior attacks as it pursues you!
The orc warrior hits you with a +0 war axe!
An orc comes into view. It is wielding a +0 hand axe.
The orc shouts!
The goblin attacks as it pursues you! The goblin hits you with a +0 hand axe.
There is an open door here.
The orc hits you with a +0 hand axe.
The orc warrior attacks as it pursues you!
The orc warrior closely misses you.
Casting: Call Imp (safe; 3% risk of failure)
Confirm with . or Enter, or press ? or * to list all spells.
You call for your canine familiar and it appears with a howl!
The orc shouts!
The orc barely misses you.
The orc hits your inugami with a +0 hand axe.
The orc warrior hits you with a +0 war axe!
* * * LOW HITPOINT WARNING * * *
Unknown command.
The orc warrior attacks as it pursues you!
The orc warrior hits you with a +0 war axe!
You die...

## ## ###.## ##.###
###.....### ###.....###
##.........###.........##
#........)..#...........#
#...........'g..........#
#.....⌠).hoo#.....⌠.....#
#....)..o.@.#....g......#
#....)).....#...........#
###.........###.........##
♣ ###.#'#.)...###
###.....#g#.##
♣###.....###.###
###.###.....
##.........### ###.......
#...........# .##8.......
'..)....o...# .g#8.....gg
))))..⌠.....# g'.....g.g


You could see an orc warrior, 2 orcs, a goblin and a friendly inugami
(summoned).

Vanquished Creatures
  An orc warrior (Bailey)
  3 scorpions (D:5)
  A bombardier beetle (D:5)
  A jelly (D:7)
  2 orc priests
  3 iguanas
  2 orc wizards (D:6)
  Robin (D:4)
  7 gnolls
  6 adders
  3 ufetubi
  2 dart slugs (D:1)
  20 orcs
  9 ball pythons
  5 bats
  2 endoplasms
  2 giant cockroaches (D:1)
  13 goblins
  13 hobgoblins
  2 jackals (D:3)
  4 quokkas
  3 frilled lizards
  6 kobolds
  7 rats
118 creatures vanquished.

Vanquished Creatures (collateral kills)
  Sigmund (D:5)
  An ogre (D:5)
  A lemure (D:5)
  A kobold brigand (D:7)
  A gnoll sergeant (D:6)
  An orc priest (D:6)
  A hound (D:5)
  A gnoll bouda (D:6)
  A sleepcap (D:6)
  2 gnolls (D:6)
  An ufetubus (D:7)
  3 goblins (D:4)
  2 hobgoblins (Bailey)
  2 kobolds (D:7)
19 creatures vanquished.

Vanquished Creatures (others)
  An orc wizard (D:6)
1 creature vanquished.

Grand Total: 138 creatures vanquished

Notes
Turn   | Place    | Note
-------+----------+-------------------------------------------
     0 | D:1      | BeingJoeMalik the Mummy Hedge Wizard began the quest for
                  | the Orb.
     0 | D:1      | Reached XP level 1. HP: 13/13 MP: 5/5
    51 | D:1      | Reached skill level 1 in Conjurations
   395 | D:1      | Reached XP level 2. HP: 14/19 MP: 5/7
   398 | D:1      | Learned a level 2 spell: Call Imp
   552 | D:1      | Found a faded altar of an unknown god.
  1188 | D:1      | Reached XP level 3. HP: 24/24 MP: 5/8
  1337 | D:1      | Learned a level 3 spell: Mephitic Cloud
  2002 | D:2      | Reached XP level 4. HP: 24/30 MP: 1/10
  3172 | D:3      | Reached skill level 1 in Summonings
  3431 | D:4      | Learned a level 3 spell: Vampiric Draining
  3702 | D:4      | Reached XP level 5. HP: 30/35 MP: 4/11
  3899 | D:4      | Reached skill level 1 in Necromancy
  3997 | D:4      | Noticed Robin
  4359 | D:4      | Learned a level 1 spell: Summon Small Mammal
  4542 | D:4      | Killed Robin
  4685 | D:5      | Entered Level 5 of the Dungeon
  4824 | D:5      | Noticed a shadow
  5031 | D:5      | Noticed an ogre
  5048 | D:5      | Reached XP level 6. HP: 19/41 MP: 1/12
  5445 | D:5      | Found a staircase to the Ecumenical Temple.
  5454 | Temple   | Entered the Ecumenical Temple
  5460 | Temple   | Became a worshipper of Makhleb the Destroyer
  5709 | D:5      | Reached skill level 5 in Conjurations
  5838 | D:5      | Reached XP level 7. HP: 22/46 MP: 0/13
  6246 | D:5      | Noticed Sigmund
  6255 | D:5      | Killed Sigmund
  6626 | D:6      | Noticed Maggie
  6921 | D:6      | Noticed Prince Ribbit
  7382 | D:6      | Reached skill level 5 in Spellcasting
  7409 | D:6      | Learned a level 3 spell: Call Canine Familiar
  8219 | D:6      | Reached XP level 8. HP: 28/52 MP: 2/16
  8470 | D:7      | Learned a level 1 spell: Necrotise
  8734 | D:7      | Reached * piety under Makhleb
  8871 | D:7      | Found a flagged portal.
  8879 | D:7      | Identified the +7 hand axe of Hahunec {pain, rElec rC+ MP+9
                  | Dex+2}
  8917 | Bailey   | Entered a bailey
  9055 | Bailey   | Reached skill level 6 in Spellcasting
  9341 | Bailey   | Mangled by an orc warrior

Illustrated notes

Levels and vault maps discovered:
D:1:      dpeg_arrival_tiny_c, layout_loops_cross,
          shapermc_ecumenical_altar_acropolis, amcnicky_mini_pool_small
D:2:      layout_loops_corners, skrybe_limestone_x, minmay_misc_feat_pillars
D:3:      layout_loops_ring, minmay_overflow_temple_star_quad,
          chequers_hall_statues_wall_a, chequers_hall_statues_corner_a,
          uniq_ijyb
D:4:      layout_basic, uniq_robin
D:5:      layout_basic, minmay_temple_entry_antechambers, uniq_sigmund
D:6:      layout_loops_corners, uniq_prince_ribbit1, uniq_maggie, uniq_pikel
D:7:      layout_loops_ring, enter_bailey_2
Temple:   nicolae_temple_bog_church
Bailey:   bailey_axe_minmay_hex_keep, bailey

Skill      XL: |  1  2  3  4  5  6  7  8 |
---------------+-------------------------+-----
Conjurations   | 1 2 3 4 5 |  5.5
Summonings     | 1 2 4 |  4.5
Necromancy     | 1 2 3 |  3.1
Spellcasting   | 5 6 |  6.2
Dodging        | |  1.5
Stealth        | |  1.5
Translocations | |  0.7

Action                     |  1- 3 |  4- 6 |  7- 9 || total
---------------------------+-------+-------+-------++-------
  Melee: Dagger            |    10 |    43 |    21 ||    74
         Punch             |       |     1 |     2 ||     3
         Hand axe          |       |       |     4 ||     4
  Throw: Dart              |       |    15 |       ||    15
   Cast: Magic Dart        |    91 |   147 |   158 ||   396
         Call Imp          |       |    17 |    28 ||    45
         Summon Small Mamm |       |     5 |    11 ||    16
         Call Canine Famil |       |       |     6 ||     6
         Necrotise         |       |       |    22 ||    22
         Vampiric Draining |       |       |     2 ||     2
    Use: Scroll            |       |    11 |     5 ||    16
   Stab: Distracted        |       |       |     1 ||     1
 Armour: Robe              |    23 |    68 |    79 ||   170
  Dodge: Dodged            |    27 |    58 |    62 ||   147
